 Dungeon Crawl Stone Soup version 0.31-a0-365-gcf821cafb2 (webtiles) character file.

Game seed: 13777176024722076320

145 Midn8 the Insei (level 5, -1/42 HPs)
             Began as a Minotaur Wanderer on July 27, 2023.
             Killed by divine providence
             ... invoked by an orc priest
              (10 damage)
             ... on level 4 of the Dungeon.
             The game lasted 00:07:00 (2145 turns).

Midn8 the Insei (Minotaur Wanderer)                 Turns: 2145, Time: 00:07:01

Health: -1/42      AC:  9    Str: 15    XL:     5   Next: 6%
Magic:  5/5        EV: 10    Int:  7    God:
Gold:   162        SH:  0    Dex: 15    Spells: 5/6 levels left

rFire   . . .        r - +0 whip
rCold   . . .        (no shield)
rNeg    . . .        y - +0 ring mail
rPois   +            (helmet restricted)
rElec   .            (no cloak)
rCorr   .            (no gloves)
SInv    .            (no boots)
Will    .....        (no amulet)
Stlth   +            f - ring of poison resistance
HPRegen 0.27/turn    B - +4 ring of protection
MPRegen 0.09/turn

%: no passive effects
@: no status effects
A: horns 2, retaliatory headbutt
a: no special abilities


You were on level 4 of the Dungeon.
You visited 1 branch of the dungeon, and saw 4 of its levels.

You collected 162 gold pieces.

Inventory:

Hand Weapons
 a - a +0 club
 r - a +0 whip (weapon)
Missiles
 A - 2 boomerangs
Armour
 d - a +0 leather armour
 y - a +0 ring mail (worn)
Jewellery
 f - a ring of poison resistance (left hand)
 i - a ring of wizardry
 n - a ring of fire
 B - a +4 ring of protection (right hand)
Talismans
 m - a maw talisman
Wands
 e - a wand of roots (4)
Scrolls
 b - a scroll of teleportation
 c - a scroll of blinking
 h - a scroll of vulnerability {unknown}
 j - a scroll of enchant armour {unknown}
 p - a scroll of amnesia {unknown}
 q - a scroll of noise {unknown}
 t - a scroll of acquirement {unknown}
 u - a scroll of immolation {unknown}
 v - a scroll of fear {unknown}
 w - a scroll of brand weapon {unknown}
 x - a scroll of fog
 C - a scroll of identify
Potions
 g - 2 potions of invisibility
 k - 2 potions of heal wounds
 l - 4 potions of curing {unknown}
 o - a potion of enlightenment {unknown}
 s - 3 potions of attraction
 z - 2 potions of might {unknown}


   Skills:
 - Level 2.4 Fighting
 - Level 1.2 Armour
 - Level 1.1 Dodging
 + Level 5.2 Unarmed Combat
 - Level 1.0 Spellcasting
 - Level 1.3 Fire Magic
 - Level 1.0 Invocations
 - Level 1.7 Evocations


You had 5 spell levels left.
You knew the following spells:

 Your Spells              Type           Power      Damage    Failure   Level
a - Foxfire               Conj/Fire      4%         2x1d4     52%         1

Your spell library contained the following spells:

 Spells                   Type           Power      Damage    Failure   Level
 Inner Flame              Hex/Fire       1%         N/A       88%         3
 Call Canine Familiar     Summ           0%         N/A       94%         3
 Portal Projectile        Hex/Tloc       0%         N/A       94%         3
 Leda's Liquefaction      Hex/Erth       0%         N/A       100%        4


Dungeon Overview and Level Annotations

Branches:
Dungeon (4/15)
 Temple: D:4-7

Altars:


Innate Abilities, Weirdness & Mutations

You have a pair of horns on your head.
You reflexively headbutt those who attack you in melee.


Message History

The orc hits you but does no damage.
You closely miss the orc.
The orc is almost dead.
The orc barely misses you.
You barely miss the orc. Your headbutt misses the orc.
The orc is almost dead.
The orc barely misses you.
You hit the orc but do no damage.
The orc is almost dead.
The orc hits you with a +0 hand axe. The orc barely misses you.
An orc priest comes into view. It is wielding a +0 club.
You closely miss the orc. You punch the orc.
You kill the orc!
A scorpion comes into view.
The orc priest hits you with a +0 club.
You barely miss the orc priest.
The orc priest hits you but does no damage.
You hit the orc priest but do no damage.
The orc priest closely misses you. You furiously retaliate!
You headbutt the orc priest. You hit the orc priest.
You headbutt the orc priest, but do no damage.
The orc priest is heavily wounded.
The orc priest calls down the wrath of Beogh upon you.
Beogh smites you!
You are too injured to fight recklessly!
You closely miss the orc priest.
The orc priest is heavily wounded.
The orc priest barely misses you.
An endoplasm comes into view.
The endoplasm quivers.
You hit the orc priest.
The orc priest is almost dead.
The orc priest mumbles some strange prayers to Beogh against you.
Pain shoots through your body!
* * * LOW HITPOINT WARNING * * *
Unknown command.
The orc priest invokes the aid of Beogh against you.
Beogh smites you!
You die...

....#######
...........
##..######
....#####.#.
###
............
#..
.#..#.###.#.
#.# # ##..#.#
#.####J##.###
....#.#
#.....).os..#
##.##.#
######@###.#..#
##.# .#
#.##.### ##.#
.#
#.######.†....#
##.# .#
#..?......#.#.#
##.#
#########.# ..
.#.# # #.# .#
...##.# #.# #
......# #.#
...#### #.#


You could see a scorpion, an orc priest and an endoplasm.

Vanquished Creatures
  A hound (D:4)
  3 adders
  A worm (D:2)
  A dart slug (D:3)
  An orc (D:4)
  2 ball pythons
  7 bats
  7 endoplasms
  4 giant cockroaches
  5 goblins
  12 hobgoblins
  8 jackals
  6 kobolds
  4 quokkas (D:3)
  A frilled lizard (D:2)
  9 rats
72 creatures vanquished.

Vanquished Creatures (others)
  2 foxfires (D:1)
2 creatures vanquished.

Grand Total: 74 creatures vanquished

Notes
Turn   | Place    | Note
-------+----------+-------------------------------------------
     0 | D:1      | Midn8 the Minotaur Wanderer began the quest for the Orb.
     0 | D:1      | Midn8 set off with the following items: a +0 club, a scroll
                  | of teleportation, a scroll of blinking, a +0 leather
                  | armour, a wand of roots (4); and the following spell
                  | memorised: Foxfire; and the following spells available to
                  | memorise: Inner Flame.
     0 | D:1      | Reached XP level 1. HP: 18/18 MP: 1/1
   107 | D:1      | Reached skill level 1 in Unarmed Combat
   236 | D:1      | Found a faded altar of an unknown god.
   238 | D:1      | Reached XP level 2. HP: 25/25 MP: 2/2
   242 | D:1      | Reached skill level 2 in Unarmed Combat
   687 | D:1      | Reached skill level 3 in Unarmed Combat
   687 | D:1      | Reached XP level 3. HP: 27/30 MP: 3/3
  1305 | D:2      | Reached skill level 4 in Unarmed Combat
  1576 | D:3      | Reached XP level 4. HP: 37/37 MP: 4/4
  2003 | D:4      | Reached skill level 5 in Unarmed Combat
  2127 | D:4      | Reached XP level 5. HP: 42/42 MP: 5/5
  2145 | D:4      | Killed from afar by an orc priest

Illustrated notes

Levels and vault maps discovered:
D:1:      dpeg_arrival_boxorama, layout_loops_ring,
          shapermc_ecumenical_altar_flowoftime
D:2:      layout_loops_ring
D:3:      layout_rooms, serial_park_tiny_1
D:4:      old_forge, layout_loops_ring, uniq_robin

Skill      XL: |  1  2  3  4 |
---------------+-------------+-----
Unarmed Combat | 1 3 4 5 |  5.2
Fighting       | |  2.4
Armour         | |  1.2
Dodging        | |  1.1
Spellcasting   | |  1.0
Fire Magic     | |  1.3
Invocations    | |  1.0
Evocations     | |  1.7

Action                     |  1- 3 |  4- 6 || total
---------------------------+-------+-------++-------
  Melee: Club              |    27 |       ||    27
         Headbutt          |    26 |    12 ||    38
         Whip              |    66 |    62 ||   128
         Punch             |     2 |     3 ||     5
   Cast: Foxfire           |     1 |       ||     1
    Use: Scroll            |     3 |     1 ||     4
 Armour: Leather armour    |    19 |       ||    19
         Ring mail         |    12 |    19 ||    31
  Dodge: Dodged            |    47 |    36 ||    83

Table legend: (Time is in decaauts)
 A = Elapsed time spent in this place.
 B = Non-inter-level travel time spent in this place.
 C = Inter-level travel time spent in this place.
 D = Time resting spent in this place.
 E = Time spent auto-exploring this place.
 F = Levels seen in this place.
 G = Mean time per level.
                   A        B        C        D        E       F      G
               +--------+--------+--------+--------+--------+-----+--------+
         Total |   2162 |   2103 |     59 |    101 |   1513 |   4 |  540.5 |
       Dungeon |   2162 |   2103 |     59 |    101 |   1513 |   4 |  540.5 |
               +--------+--------+--------+--------+--------+-----+--------+

Top non-repeatable levels by time:
     D:1: 881 daAuts
     D:2: 697 daAuts
     D:3: 328 daAuts
     D:4: 255 daAuts
